 Dungeon Crawl Stone Soup version 0.22.1-1-ga44c0e5 (webtiles) character file.

70 drum12 the Firebug (level 4, 0/33 HPs)
             Began as a Draconian Fire Elementalist on Sept 24, 2018.
             Was an Initiate of Yredelemnul.
             Slain by Robin
             ... wielding a +0 spear
              (3 damage)
             ... on level 3 of the Dungeon.
             The game lasted 00:22:40 (1769 turns).

drum12 the Firebug (Draconian Fire Elementalist)    Turns: 1769, Time: 00:22:41

Health: 0/33       AC:  5    Str: 11    XL:     4   Next: 3%
Magic:  0/7        EV: 12    Int: 16    God:    Yredelemnul [......]
Gold:   106        SH:  0    Dex: 11    Spells: 6/7 levels left

rFire    . . .     SeeInvis .   h - +3 dagger (protect)
rCold    . . .     Gourm    .   (no shield)
rNeg     + . .     Faith    .   (armour unavailable)
rPois    .         Spirit   .   (helmet restricted)
rElec    .         Reflect  .   (no cloak)
rCorr    .         Harm     .   (no gloves)
MR       +....                  (no boots)
Stlth    ++........             (no amulet)
HPRegen  0.11/turn              k - ring of protection from magic
MPRegen  0.10/turn              l - ring of positive energy

@: no status effects
A: unfitting armour, cold-blooded, AC +5
a: Renounce Religion


You were on level 3 of the Dungeon.
You worshipped Yredelemnul.
Yredelemnul was noncommittal.
You were not hungry.

You visited 1 branch of the dungeon, and saw 3 of its levels.

You collected 106 gold pieces.

Inventory:

Hand Weapons
 a - a +0 dagger
 d - a +0 club
 e - a +0 club
 g - a +0 dagger
 h - a +3 dagger of protection (weapon)
 i - a +0 club
 n - a +1 short sword of venom
 o - a +0 dagger
 p - a +0 hunting sling
 q - a +0 hunting sling
 s - a +0 whip
 v - a +0 club
 y - a +0 club
Missiles
 c - 84 stones (quivered)
Armour
 m - a +0 robe
 r - a +0 robe
 w - a +0 robe
 x - a +0 leather armour
Jewellery
 k - a ring of protection from magic (left hand)
 l - a ring of positive energy (right hand)
Scrolls
 f - 3 scrolls of identify
 u - a scroll of amnesia {unknown}
Potions
 j - a potion of haste
Comestibles
 b - 5 rations


   Skills:
 + Level 0.4 Short Blades
 + Level 0.3 Slings
 + Level 2.3 Dodging
 + Level 2.3 Stealth
 + Level 2.4 Spellcasting
 + Level 1.5 Conjurations
 + Level 3.5 Fire Magic


You had 6 spell levels left.
You knew the following spells:

 Your Spells              Type           Power        Failure   Level  Hunger
a - Flame Tongue          Conj/Fire      ##...        7%          1    #......

Your spell library contained the following spells:

 Spells                   Type           Power        Failure   Level  Hunger
 Throw Flame              Conj/Fire      ##....       11%         2    ###....
 Conjure Flame            Conj/Fire      ##......     22%         3    ###....
 Inner Flame              Hex/Fire       #.......     28%         3    ###....
 Sticky Flame             Conj/Fire      ##......     56%         4    #####..
 Fireball                 Conj/Fire      ##........   89%         5    ######.


Dungeon Overview and Level Annotations

Branches:
Dungeon (3/15)

Altars:
Elyvilon
Yredelemnul

Annotations:
D:3 Grinder, Robin


Innate Abilities, Weirdness & Mutations

Your plain brown scales are hard. (AC +5)
You cannot fit into any form of body armour.
You are cold-blooded and may be slowed by cold attacks.


Message History

Confirm with . or Enter, or press ? or * to list all spells.
You don't have enough magic to cast that spell.
A hobgoblin comes into view. It is wielding a club.
Casting: Flame Tongue (safe; 7% risk of failure)
Confirm with . or Enter, or press ? or * to list all spells.
Aiming: Flame Tongue (safe; 7% risk of failure)
Press: ? - help, Shift-Dir - straight line, f/p - Robin
Aim: Robin, wielding a spear, wearing an animal skin and wearing a helmet The flame tongue hits Robin.
Robin is almost dead.
The hobgoblin shouts!
Robin points. "Kill!"
Robin hits you from afar with a spear.
* * * LOW HITPOINT WARNING * * *
Robin closely misses you.
You barely miss Robin.
Robin is almost dead.
Robin hits you with a spear.
You die...
Your body rises from the dead as a mindless zombie.

..#ยง#
##. ###.#
#.. #...#
... #.###
#.# #.#
#.# #.#
#.# #.#
#g#
#.#####.#
#....g@.#
#.#####.#
### ###


You could see Robin and a hobgoblin.

Vanquished Creatures
  2 adders (D:2)
  A worm (D:2)
  2 dart slugs
  A leopard gecko (D:3)
  An orc (D:3)
  A giant cockroach (D:2)
  A quokka (D:2)
  2 bats
  7 frilled lizards
  15 goblins
  5 kobolds
  6 rats
44 creatures vanquished.

Notes
Turn   | Place    | Note
-------+----------+-------------------------------------------
     0 | D:1      | drum12 the Draconian Fire Elementalist began the quest for
                  | the Orb.
     0 | D:1      | Reached XP level 1. HP: 14/14 MP: 3/3
   456 | D:1      | Reached XP level 2. HP: 20/20 MP: 0/5
  1082 | D:2      | Reached XP level 3. HP: 22/26 MP: 2/6
  1422 | D:2      | Found a basalt altar of Yredelemnul.
  1443 | D:2      | Became a worshipper of Yredelemnul the Dark
  1502 | D:2      | Found a white marble altar of Elyvilon.
  1715 | D:3      | Noticed Robin
  1716 | D:3      | Noticed Grinder
  1734 | D:3      | Reached XP level 4. HP: 18/33 MP: 0/7
  1769 | D:3      | Slain by Robin

Skill      XL: |  1  2 |
---------------+-------+-----
Dodging        | 2 |  2.3
Stealth        | 2 |  2.3
Short Blades   | |  0.4
Slings         | |  0.3
Spellcasting   | |  2.4
Conjurations   | |  1.5
Fire Magic     | |  3.5

Action                   |  1- 3 |  4- 6 || total
-------------------------+-------+-------++-------
Melee: Club              |    18 |       ||    18
       Dagger            |    22 |     9 ||    31
       Tailslap          |     3 |     2 ||     5
 Cast: Flame Tongue      |    51 |     3 ||    54
  Use: Scroll            |     2 |     1 ||     3
  Eat: Ration            |     1 |       ||     1
Armor: Skin              |    12 |     3 ||    15
Dodge: Dodged            |    37 |     9 ||    46
